 Dungeon Crawl Stone Soup version 0.20-a0-751-g905781e (webtiles) character file.

84 Amciq the Skirmisher (level 4, 0/60 HPs)
             Began as a Hill Orc Abyssal Knight on Feb 25, 2017.
             Was a Believer of Lugonu.
             Succumbed to an adder's poison
             ... on level 2 of the Dungeon.
             The game lasted 00:07:41 (1686 turns).

Amciq the Skirmisher (Hill Orc Abyssal Knight)      Turns: 1686, Time: 00:07:42

Health: 0/60       AC: 22    Str: 13 (15) XL:     4   Next: 45%
Magic:  5/5        EV:  2    Int: 11 (12) God:    Lugonu [**....]
Gold:   85         SH:  0    Dex: 11 (12) Spells: 3/3 levels left

rFire    . . .     SeeInvis .   a - +1 hand axe
rCold    . . .     Gourm    .   (armour currently unavailable)
rNeg     + + +     Faith    .   (no shield)
rPois    +         Spirit   .   (helmet currently unavailable)
rElec    .         Reflect  .   (cloak currently unavailable)
rCorr    .         Harm     .   (gloves currently unavailable)
MR       +....     NoTele   +   (boots currently unavailable)
Stlth    +.........             i - amulet of rage
Regen    0.2/turn               p - ring of wizardry
MPRegen  0.1/turn               k - ring of protection from magic

@: lethally poisoned (0 -> -1), exhausted, tree-form, slowed, very slow
A: agile 1, low mp 1
a: Depart the Abyss, Bend Space, Renounce Religion, Evoke Berserk Rage


You were on level 2 of the Dungeon.
You worshipped Lugonu.
Lugonu was pleased with you.
You were not hungry.
You were a tree.
You visited 1 branch of the dungeon, and saw 2 of its levels.
You visited the Abyss 1 time.

You collected 85 gold pieces.

Inventory:

Hand Weapons
 a - a +1 hand axe (weapon)
Armour
 b - a +0 leather armour (melded)
Jewellery
 i - an amulet of rage (around neck)
 k - a ring of protection from magic (left branch)
 p - a ring of wizardry (right branch)
Wands
 o - a wand of paralysis (15/24)
Scrolls
 g - 2 scrolls of recharging
 q - a scroll of fear
Comestibles
 c - 2 bread rations
 f - 2 fruits
 n - a chunk of flesh


   Skills:
 + Level 4.1 Fighting
 + Level 3.7 Axes
 + Level 3.1 Armour
 - Level 1.0 Dodging
 + Level 3.1 Invocations
 * Level 1.4 Evocations


You had 3 spell levels left.
You didn't know any spells.

Dungeon Overview and Level Annotations

Branches:
Dungeon (2/15)

Altars:


Innate Abilities, Weirdness & Mutations

You are agile. (Dex +2)
Your magical capacity is low. (-10% MP)


Message History

You feel yourself slow down.
* * * LOW HITPOINT WARNING * * *
You feel sick.
Okay, then.
Okay, then.
Okay, then.
Put on which piece of jewellery? (? for menu, Esc to quit)
p - a ring of wizardry (right branch)
Okay, then.
Drop what? 11/52 slots (_ for help) (? for menu, Esc to quit)
Okay, then.
You eat one of the 6 fruits.
That coconut was delicious!
* * * LOW HITPOINT WARNING * * *
You feel sick.
You eat one of the 5 fruits.
Mmm - a full handful of almonds!
You eat one of the 4 fruits.
Mmm - a full handful of strawberries!
* * * LOW HITPOINT WARNING * * *
You feel sick.
You eat one of the 3 fruits.
Mmm - a full handful of sultanas!
You die...

#....(...# .................
#....##..#..#.#...##..###.###
#....##..#..# #.#.###.###.##
#....##.....# #..............
#.#..##.....# #...###........
#.#.........###...####.##.###
#.#..##...#.......... .# #
#.......#...†.............
#.###...##.♣#...# #...... #.#
#.......#...###...#.####
#.###..................(....
#.#............... #.........
#................. #......###
#######.......###.###.........
#.......#..........>....
#.......# #.###..###.##.
#.......# #.# #.........


There were no monsters in sight!

Vanquished Creatures
  3 adders (D:2)
  An ooze (D:1)
  2 worms (D:2)
  6 leopard geckos
  3 bats
  A giant cockroach (D:2)
  5 goblins
  5 hobgoblins (D:1)
  4 jackals (D:2)
  A ball python (D:1)
  A frilled lizard (D:1)
  4 kobolds (D:1)
  3 rats
39 creatures vanquished.

Notes
Turn   | Place    | Note
-------+----------+-------------------------------------------
     0 | Abyss:1  | Amciq the Hill Orc Abyssal Knight began the quest for the Orb.
     0 | Abyss:1  | Reached XP level 1. HP: 19/19 MP: 2/2
    15 | D:1      | Escaped the Abyss
    84 | D:1      | Reached skill level 1 in Dodging
    84 | D:1      | Reached XP level 2. HP: 25/27 MP: 3/3
   441 | D:1      | Reached XP level 3. HP: 33/33 MP: 5/5
   604 | D:1      | Reached ** piety under Lugonu
  1449 | D:2      | Reached skill level 4 in Fighting
  1466 | D:2      | Reached skill level 1 in Evocations
  1466 | D:2      | Reached XP level 4. HP: 40/40 MP: 6/6
  1671 | D:2      | Gained mutation: Your magical capacity is low. (-10% MP) [potion of mutation]
  1671 | D:2      | Gained mutation: You are agile. (Dex +2) [potion of mutation]
  1676 | D:2      | HP: 3/60 [poisoned by an adder]
  1681 | D:2      | HP: 2/60 [poisoned by an adder]
  1686 | D:2      | Succumbed to an adder's poison

Vault maps used:
D:1:      lightli_arrival_isolated_outpost
D:2:      grunt_temple_overflow_open

Skill      XL: |  1  2  3  4 |
---------------+-------------+-----
Axes           | 3 |  3.7
Dodging        | 1 |  1.0
Fighting       | 4 |  4.1
Evocations     | 1 |  1.4
Armour         | 3 |  3.1
Invocations    | 3 |  3.1

Action                   |  1- 3 |  4- 6 || total
-------------------------+-------+-------++-------
Melee: Hand axe          |    87 |    33 ||   120
Invok: Bend Space        |     1 |     1 ||     2
 Abil: Evoke Berserk Rag |     1 |     1 ||     2
  Use: Scroll            |       |     4 ||     4
       Potion            |       |     3 ||     3
  Eat: Chunk             |     2 |     2 ||     4
       Fruit             |       |     4 ||     4
Armor: Leather armour    |    21 |    10 ||    31
Dodge: Dodged            |    44 |    30 ||    74
